 Dungeon Crawl Stone Soup version 0.20.1-2-g1830e616b0 (webtiles) character file.

473 Alfie the Shooter (level 6, -1/53 HPs)
             Began as a Minotaur Hunter on Feb 7, 2020.
             Slain by a phantom (8 damage)
             ... on level 5 of the Dungeon.
             The game lasted 00:12:01 (3127 turns).

Alfie the Shooter (Minotaur Hunter)                 Turns: 3127, Time: 00:12:02

Health: -1/53      AC:  3    Str: 24    XL:     6   Next: 83%
Magic:  5/5        EV: 12    Int:  8    God:
Gold:   192        SH:  0    Dex: 10    Spells: 5/5 levels left

rFire    . . .     SeeInvis .   b - +2 short sword
rCold    . . .     Gourm    .   (no shield)
rNeg     . . .     Faith    .   c - +0 leather armour
rPois    +         Spirit   .   (helmet restricted)
rElec    .         Reflect  .   (no cloak)
rCorr    .         Harm     +   (no gloves)
MR       .....                  (no boots)
Stlth    +.........             u - amulet of harm
Regen    0.2/turn               s - ring of poison resistance
MPRegen  0.1/turn               (no ring)

@: mighty
A: retaliatory headbutt, horns 2
a: no special abilities


You were on level 5 of the Dungeon.
You were not hungry.

You visited 1 branch of the dungeon, and saw 5 of its levels.

You collected 192 gold pieces.

Inventory:

Hand Weapons
 a - a +1 shortbow
 b - a +2 short sword (weapon)
Missiles
 d - 87 arrows
 g - 45 poisoned needles (quivered)
Armour
 c - a +0 leather armour (worn)
Jewellery
 h - an uncursed ring of wizardry
 s - a ring of poison resistance (left hand)
 u - an amulet of harm (around neck)
 w - a cursed -4 ring of evasion {unknown}
Scrolls
 e - a scroll of teleportation
 p - 3 scrolls of blinking
Potions
 k - 2 potions of agility
 n - a potion of resistance {unknown}
 o - a potion of curing {unknown}
 r - a potion of lignification {unknown}
 v - 2 potions of brilliance {unknown}
Comestibles
 f - 5 bread rations
 l - 5 fruits


   Skills:
 + Level 4.5 Fighting
 + Level 7.8 Bows
 + Level 2.2 Armour
 + Level 2.5 Dodging
 + Level 0.8 Stealth


You had 5 spell levels left.
You didn't know any spells.

Dungeon Overview and Level Annotations

Branches:
Dungeon (5/15)             Temple (0/1) D:4

Altars:
Sif Muna


Innate Abilities, Weirdness & Mutations

You reflexively headbutt those who attack you in melee.
You have a pair of horns on your head.


Message History

The phantom is heavily damaged.
The phantom hits you.
You hit the phantom but do no damage. Your headbutt misses the phantom.
The phantom is heavily damaged.
The phantom barely misses you.
You closely miss the phantom.
The phantom is heavily damaged.
The phantom hits you.
* * * LOW HITPOINT WARNING * * *
You closely miss the phantom.
The phantom is heavily damaged.
The phantom hits you!
* * * LOW HITPOINT WARNING * * *
The phantom blinks!
It was a potion of might.
You feel very mighty all of a sudden. The phantom barely misses you.
It was a potion of magic.
Magic courses through your body. The phantom hits you!
You die...

##### #. #. #.
#. #########
#. #........
#. #.#######
#.##########.#
#..@W........#
#.############
##


You could see a phantom.

Vanquished Creatures
  The ghost of Alfie the Shooter, an amateur HuHu (D:4)
  A howler monkey (D:4)
  A hound (D:5)
  3 worker ants (D:4)
  An orc wizard (D:3)
  A hound zombie (D:5)
  8 adders
  2 oozes (D:1)
  2 worms
  2 dart slugs
  2 leopard geckos
  5 orcs (D:3)
  2 giant cockroaches
  5 goblins
  8 hobgoblins
  8 jackals
  7 kobolds
  2 quokkas
  2 ball pythons
  7 bats
  5 frilled lizards
  A leopard gecko skeleton (D:3)
  8 rats
84 creatures vanquished.

Notes
Turn   | Place    | Note
-------+----------+-------------------------------------------
     0 | D:1      | Alfie the Minotaur Hunter began the quest for the Orb.
     0 | D:1      | Reached XP level 1. HP: 18/18 MP: 0/0
   142 | D:1      | Reached XP level 2. HP: 25/25 MP: 1/1
   145 | D:1      | Reached skill level 5 in Bows
   446 | D:1      | Reached XP level 3. HP: 30/30 MP: 2/2
  1176 | D:2      | Reached XP level 4. HP: 32/38 MP: 3/3
  1767 | D:3      | Reached skill level 6 in Bows
  2020 | D:3      | Reached XP level 5. HP: 42/45 MP: 4/4
  2284 | D:4      | Noticed Alfie's ghost (amateur HuHu)
  2302 | D:4      | Killed Alfie's ghost
  2302 | D:4      | Reached skill level 7 in Bows
  2302 | D:4      | Reached skill level 1 in Armour
  2302 | D:4      | Reached XP level 6. HP: 22/52 MP: 5/5
  2303 | D:4      | Found a staircase to the Ecumenical Temple.
  2839 | D:4      | Found a deep blue altar of Sif Muna.
  2929 | D:5      | Entered Level 5 of the Dungeon
  3127 | D:5      | Slain by a phantom

Skill      XL: |  1  2  3  4  5  6 |
---------------+-------------------+-----
Bows           | 5 6 7 |  7.8
Fighting       | 3 4 |  4.5
Armour         | 1 2 |  2.2
Dodging        | |  2.5
Stealth        | |  0.8

Action                   |  1- 3 |  4- 6 || total
-------------------------+-------+-------++-------
Melee: Short sword       |     2 |    15 ||    17
       Headbutt          |       |     2 ||     2
 Fire: Shortbow          |    87 |   181 ||   268
  Use: Scroll            |       |    14 ||    14
       Potion            |       |     2 ||     2
  Eat: Meat ration       |     1 |       ||     1
       Fruit             |       |     2 ||     2
Armor: Leather armour    |     8 |     8 ||    16
Dodge: Dodged            |    21 |    50 ||    71
